 Dungeon Crawl Stone Soup version 0.18-a0-1088-g34ef3a2 (webtiles) character file.

83013 Ijustatesigmund the Fighter (level 15, -6/123 HPs)
             Began as a Demonspawn Abyssal Knight on Jan 12, 2016.
             Was the Champion of Lugonu.
             Mangled by an ettin
             ... wielding a +0 dire flail
              (36 damage)
             ... on level 1 of the Orcish Mines on Jan 15, 2016.
             The game lasted 02:22:50 (32021 turns).

Ijustatesigmund the Fighter (DsAK)                 Turns: 32021, Time: 02:22:51

Health: -6/123     AC: 22    Str: 19    XL:     15   Next: 31%
Magic:  0/22       EV: 14    Int: 16    God:    Lugonu [******]
Gold:   2178       SH:  9    Dex: 19    Spells: 6 memorised, 11 levels left

rFire  + + +     SeeInvis +     v - +8 dagger of the Coward {pierce, rF+ Str+2}
rCold  + . .     Gourm    .     F - +2 fire dragon armour
rNeg   . . .     Faith    .     P - +3 buckler "Myem" {*Contam rPois Slay+2}
rPois  +         Spirit   +     (helmet unavailable)
rElec  +         Dismiss  .     b - +2 cloak
rCorr  .         Reflect  .     Q - +2 pair of gloves
SustAt .         Harm     +     X - +1 pair of boots of the Evening {rC+}
MR     +....                    W - amulet of harm
Stlth  +++++.....               t - ring of Xetwulasuj {rElec AC+3 Str+3}
                                K - ring of stealth

@: repel missiles, somewhat resistant to hostile enchantments, quite stealthy
A: antennae 3, agile 1, clever 1, cold resistance 1, nightstalker 1, magic
shield, magic regeneration, magic link
a: Depart the Abyss, Bend Space, Banish, Corrupt, Enter the Abyss, Brand Weapon
With Distortion, Renounce Religion


You were on level 1 of the Orcish Mines.
You worshipped Lugonu.
Lugonu was exalted by your worship.
You were not hungry.

You visited 3 branches of the dungeon, and saw 23 of its levels.
You visited the Abyss 1 time.
You also visited: Ossuary.

You collected 3548 gold pieces.
You spent 1370 gold pieces at shops.

Inventory:

Hand Weapons
 r - a +3 mace of venom
 v - the +8 dagger of the Coward (weapon) {pierce, rF+ Str+2}
   (You took it off a gnoll on level 4 of the Dungeon)

   It inflicts extra damage upon your enemies.
   It affects your strength (+2).
   It protects you from fire.
 V - the +5 dagger "Mihafibi" {venom, rElec Int-4 SInv}
   (You found it on level 5 of the Lair of Beasts)

   It poisons the flesh of those it strikes.
   It affects your intelligence (-4).
   It insulates you from electricity.
   It lets you see invisible.
Missiles
 j - 30 tomahawks (quivered)
 S - 162 arrows
Armour
 b - a +2 cloak (worn)
 D - the +2 leather armour "Naurgh" {rC++ Int+2 Dex+3}
   (You bought it in a shop on level 2 of the Orcish Mines)

   It affects your intelligence (+2).
   It affects your dexterity (+3).
   It greatly protects you from cold.
 F - a +2 fire dragon armour (worn)
 P - the +3 buckler "Myem" (worn) {*Contam rPois Slay+2}
   (You bought it in a shop on level 8 of the Dungeon)

   It affects your accuracy and damage with ranged weapons and melee attacks
   (+2).
   It protects you from poison.
   It causes magical contamination when unequipped.
 Q - a +2 pair of gloves (worn)
 T - a +3 ring mail
 X - the +1 pair of boots of the Evening (worn) {rC+}
   (You found it on level 8 of the Lair of Beasts)

   It protects you from cold.
Magical Staves
 G - an uncursed staff of summoning {unknown}
Jewellery
 f - an uncursed amulet of dismissal
 h - an uncursed ring of poison resistance
 n - an uncursed amulet of rage
 t - the ring of Xetwulasuj (right hand) {rElec AC+3 Str+3}
   (You found it on level 4 of the Dungeon)

   [ring of protection]

   It affects your AC (+3).
   It affects your strength (+3).
   It insulates you from electricity.
 z - an uncursed ring of fire
 K - a ring of stealth (left hand)
 L - an uncursed ring of magical power
 R - an uncursed ring of protection from fire
 W - an amulet of harm (around neck)
Wands
 a - a wand of confusion (22/48)
 E - a wand of digging (15/24)
 H - a wand of enslavement (16/24)
 U - a wand of fireball (5/15)
Scrolls
 e - 12 scrolls of remove curse
 s - a scroll of summoning
 w - 3 scrolls of immolation
 y - 4 scrolls of teleportation
 J - 2 scrolls of magic mapping
 N - 4 scrolls of recharging
 Z - 5 scrolls of enchant weapon
Potions
 d - 14 potions of curing
 g - 3 potions of invisibility
 l - 3 potions of brilliance
 m - 3 potions of cancellation
 p - 5 potions of flight
 u - a potion of heal wounds
 B - 3 potions of might
 C - 2 potions of agility
 I - 2 potions of haste
Books
 o - a book of Maledictions

   Spells                             Type                      Level
   a - Corona                         Hexes                        1
   b - Ensorcelled Hibernation        Hexes/Ice                    2
   c - Confuse                        Hexes                        3
   d - Tukima's Dance                 Hexes                        3
   e - Dazzling Spray                 Conjuration/Hexes            3
 x - a book of Flames

   Spells                             Type                      Level
   a - Flame Tongue                   Conjuration/Fire             1
   b - Throw Flame                    Conjuration/Fire             2
   c - Conjure Flame                  Conjuration/Fire             3
   d - Inner Flame                    Hexes/Fire                   3
   e - Sticky Flame                   Conjuration/Fire             4
   f - Fireball                       Conjuration/Fire             5
 A - a book of Conjurations

   Spells                             Type                      Level
   a - Magic Dart                     Conjuration                  1
   b - Searing Ray                    Conjuration                  2
   c - Dazzling Spray                 Conjuration/Hexes            3
   d - Fulminant Prism                Conjuration/Hexes            4
   e - Iskenderun's Mystic Blast      Conjuration                  4
   f - Iskenderun's Battlesphere      Conjuration/Charms           5
 M - a book of Dreams

   Spells                             Type                      Level
   a - Ensorcelled Hibernation        Hexes/Ice                    2
   b - Phase Shift                    Translocation                5
   c - Silence                        Hexes/Air                    5
   d - Darkness                       Hexes                        6
   e - Mass Confusion                 Hexes                        6
   f - Shadow Creatures               Summoning                    6
 Y - a book of Burglary

   Spells                             Type                      Level
   a - Swiftness                      Charms/Air                   2
   b - Passwall                       Transmutation/Earth          3
   c - Passage of Golubria            Translocation                4
   d - Lee's Rapid Deconstruction     Earth                        5
   e - Darkness                       Hexes                        6
   f - Invisibility                   Hexes                        6
Miscellaneous
 q - a phantom mirror
Comestibles
 c - 8 bread rations
 i - 9 meat rations


   Skills:
 - Level 13.0 Fighting
 - Level 11.6 Short Blades
 - Level 5.2 Maces & Flails
 + Level 3.3 Armour
 - Level 7.2 Dodging
 - Level 10.0 Stealth
 - Level 5.3 Shields
 - Level 5.0 Spellcasting
 - Level 3.9 Conjurations
 - Level 3.5 Hexes
 - Level 3.5 Charms
 - Level 2.0 Air Magic
 - Level 10.6 Invocations
 - Level 8.4 Evocations


You had 11 spell levels left.
You knew the following spells:

 Your Spells              Type           Power        Failure   Level  Hunger
a - Magic Dart            Conj           ###.         12%         1    None
b - Repel Missiles        Chrm/Air       ##....       28%         2    #......
c - Dazzling Spray        Conj/Hex       ###.....     34%         3    ###....
d - Passwall              Trmt/Erth      #.........   99%         3    ###....
e - Swiftness             Chrm/Air       ##......     28%         2    #......
f - Ensorcelled Hibernat  Hex/Ice        #.....       38%         2    #......


Dungeon Overview and Level Annotations

Branches:
Dungeon (13/15)            Temple (0/1) D:5            Lair (8/8) D:8
 Shoals (0/4) Lair:5        Snake (0/4) Lair:6        Slime (0/6) Lair:7
    Orc (2/2) D:12            Elf (0/3) Orc:2
 Vaults: D:13-14

Altars:
Ashenzari
Cheibriados
Dithmenos
Elyvilon
Kikubaaqudgha
Nemelex Xobeh
Okawaru
Pakellas
Qazlal
Vehumet
Xom
Yredelemnul
Zin
The Shining One
Beogh

Shops:
D:4 (   D:8 =*[}*   Orc:2 [[*:(

Annotations:
Abyss:1 Psyche


Innate Abilities, Weirdness & Mutations

You have a pair of large antennae on your head (SInv).
Your flesh is cold resistant.
You are slightly more attuned to the shadows.
When hurt, damage is shared between your health and your magic reserves.
You regenerate magic rapidly.
When low on magic, you restore magic in place of health.
You are agile. (Dex +2)
Your mind is acute. (Int +2)


Message History

You hit the ettin.
The ettin is heavily wounded.
You block the orc's attack. The ettin hits you with a dire flail!
* * * LOW HITPOINT WARNING * * *
You block the ettin's attack. The orc warrior closely misses you.
You are too injured to fight recklessly!
You are too injured to fight recklessly!
You are too injured to fight recklessly!
You are too injured to fight recklessly!
You are too injured to fight recklessly!
You are too injured to fight recklessly!
You are too injured to fight recklessly!
You are too injured to fight recklessly!
You are too injured to fight recklessly!
Press: ? - help, Shift-Dir - straight line, f - ettin
Aim: an ettin, wielding two dire flails (heavily wounded, chance to defeat MR: 75%)
The ettin struggles to resist.
You feel somewhat more hungry. You block the warg's attack.
You block the orc priest's attack. You block the orc's attack.
The ettin hits you with a dire flail!!
You die...

### ##.## ######
##.########...#
##.##.###...#.#.#.##...
#.......#..............
##.##...........#.#{o..
######...#............#.
##.###.................##
##......o>.........###.##
##......)o@.o.......#,###
*#.........Ch..........,****
#....................#..**,*
##.#....<...#.......##..,,,,
#*##.......#.........,,**,*
*#..#........##....,,****
#....###.##...#,,,,,**
##..#* ###*#.##*,,*** ###*
*## ****


You could see an ettin, a warg, an orc warrior, an orc priest and an orc.

Vanquished Creatures
  Gastronok (D:8)
  Erolcha (D:8)
  4 hydras
  Josephine (D:11)
  Fannar (Lair:1)
  A catoblepas (Lair:6)
  A queen ant (Lair:5)
  4 death yaks (Lair:8)
  A tengu warrior (D:13)
  An orc high priest (Orc:2)
  2 hill giants
  2 swamp dragons (Lair:7)
  A lindwurm (Lair:8)
  An orc knight (Orc:2)
  2 ugly things (D:12)
  2 orc sorcerers (Orc:2)
  2 griffons
  A cyclops (Orc:1)
  2 wolf spiders (Lair:8)
  An oklob plant (Lair:6)
  A water nymph (Lair:6)
  A deep elf mage (D:10)
  A manticore (Lair:5)
  12 black mambas
  A guardian serpent (Lair:8)
  15 elephants
  Joseph (D:7)
  6 torpor snails (Lair:8)
  14 spiny frogs
  7 komodo dragons
  2 kobold demonologists (D:12)
  3 fire drakes
  2 tengu conjurers (D:13)
  2 polar bears (Lair:6)
  5 trolls
  3 two-headed ogres
  3 giant leeches (Lair:8)
  17 blink frogs
  2 basilisks (Lair:1)
  3 wraiths
  25 yaks
  4 wyverns
  2 hungry ghosts
  8 hippogriffs
  A human (D:9)
  A steam dragon (Lair:5)
  26 wolves
  2 wargs
  6 nagas (Lair:6)
  5 soldier ants (Lair:5)
  A swamp worm (Lair:7)
  Duvessa (D:7)
  29 water moccasins
  21 porcupines
  28 orc warriors
  A swamp drake (Lair:7)
  An ice beast (D:5)
  2 sky beasts (D:11)
  9 wasps
  3 phantoms
  A necrophage (D:8)
  3 black bears
  6 centaurs
  9 ogres
  25 crocodiles
  2 big kobolds (D:12)
  22 giant frogs
  Dowan (D:7)
  14 scorpions
  6 killer bees (D:12)
  4 electric eels
  10 crimson imps
  2 quasits
  A giant frog zombie (D:12)
  8 hounds
  2 human zombies (Ossuary)
  2 centaur zombies
  21 orc priests
  32 orc wizards
  3 centaur skeletons
  3 jellies
  2 giant frog skeletons
  Terence (D:3)
  7 iguanas
  40 worker ants
  A killer bee zombie (D:10)
  15 sheep
  2 hound skeletons
  3 worker ant zombies
  Robin (D:3)
  3 mummies (Ossuary)
  4 gnolls (D:4)
  4 scorpion zombies (Ossuary)
  18 adders
  97 river rats
  A shadow imp (D:10)
  14 worms
  An adder skeleton (D:8)
  4 giant geckos
  82 orcs
  2 ball pythons (D:2)
  8 bats
  A giant cockroach (D:5)
  2 gnoll zombies (Ossuary)
  19 goblins
  10 hobgoblins
  6 jackals
  4 quokkas
  A giant gecko zombie (D:5)
  6 giant newts
  A goblin zombie (Ossuary)
  A hobgoblin zombie (Ossuary)
  9 kobolds
  2 kobold zombies (Ossuary)
  An orc zombie (Ossuary)
  8 rats
867 creatures vanquished.

Vanquished Creatures (collateral kills)
  A giant leech (Lair:8)
  2 worms (Lair:8)
3 creatures vanquished.

Vanquished Creatures (others)
  An orc warlord (Orc:2)
  A fire dragon (Lair:8)
  8 hydras
  A death knight (D:9)
  A slime creature (Lair:6)
  2 hill giants
  A lindwurm (Lair:8)
  An orc sorcerer (Orc:2)
  2 orc knights (Orc:2)
  A hornet (Lair:8)
  2 griffons
  A boulder beetle (Lair:7)
  A hungry ghost (D:10)
  2 ogres (D:5)
  A giant frog (Lair:7)
  A river rat (Lair:7)
  96 fungi
  86 plants
209 creatures vanquished.

Grand Total: 1079 creatures vanquished

Notes
Turn   | Place    | Note
--------------------------------------------------------------
     0 | Abyss:1  | Ijustatesigmund the Demonspawn Abyssal Knight began the quest for the Orb.
     0 | Abyss:1  | Reached XP level 1. HP: 18/18 MP: 2/2
    42 | Abyss:1  | Noticed a raiju
    44 | Abyss:1  | Noticed a bone dragon
    50 | D:1      | Escaped the Abyss
   469 | D:1      | Reached * piety under Lugonu
   522 | D:1      | Gained mutation: You are slightly more attuned to the shadows. [demonic ancestry]
   522 | D:1      | Reached XP level 2. HP: 24/24 MP: 3/3
  1229 | D:2      | Found an iron altar of Okawaru.
  1461 | D:2      | Gained mutation: You have a pair of small antennae on your head. [demonic ancestry]
  1461 | D:2      | Reached XP level 3. HP: 24/29 MP: 5/5
  1509 | D:2      | Found a glowing silver altar of Zin.
  1570 | D:2      | Found an ancient bone altar of Kikubaaqudgha.
  1972 | D:3      | Noticed Robin
  1980 | D:3      | Reached ** piety under Lugonu
  2574 | D:3      | Gained mutation: When hurt, damage is shared between your health and your magic reserves. [demonic ancestry]
  2574 | D:3      | Reached XP level 4. HP: 37/37 MP: 6/6
  2925 | D:3      | Noticed Terence
  2933 | D:3      | Killed Terence
  3062 | D:3      | Reached skill level 4 in Fighting
  3064 | D:3      | Reached XP level 5. HP: 36/42 MP: 4/7
  3382 | D:3      | Killed Robin
  3398 | D:3      | Reached *** piety under Lugonu
  3570 | D:4      | Found Caelefag's Antique Weapon Shop.
  3592 | D:4      | Found a shimmering altar of Xom.
  3613 | D:4      | Gained mutation: You have a pair of antennae on your head. [demonic ancestry]
  3613 | D:4      | Reached XP level 6. HP: 45/48 MP: 7/9
  3619 | D:4      | Got a bound tin ring
  3621 | D:4      | Identified the ring of Xetwulasuj {rElec AC+3 Str+3} (You found it on level 4 of the Dungeon)
  3720 | D:4      | Reached skill level 1 in Evocations
  3726 | D:4      | Found a basalt altar of Yredelemnul.
  3821 | D:4      | Found a white marble altar of Elyvilon.
  3953 | D:4      | Reached skill level 5 in Invocations
  3985 | D:4      | Reached XP level 7. HP: 48/55 MP: 7/10
  4008 | D:4      | Reached skill level 5 in Fighting
  4008 | D:4      | Reached skill level 5 in Maces & Flails
  4160 | D:4      | Got an ancient dagger {pierce}
  4161 | D:4      | Identified the +8 dagger of the Coward {pierce, rF+ Str+2} (You took it off a gnoll on level 4 of the Dungeon)
  4398 | D:5      | Entered Level 5 of the Dungeon
  4412 | D:5      | Reached skill level 1 in Short Blades
  4412 | D:5      | Reached skill level 1 in Stealth
  4599 | D:5      | Found a snail-covered altar of Cheibriados.
  4637 | D:5      | Reached XP level 8. HP: 36/62 MP: 6/12
  4867 | D:5      | Found a staircase to the Ecumenical Temple.
  5243 | D:6      | Reached **** piety under Lugonu
  5540 | D:6      | Reached skill level 5 in Short Blades
  6278 | D:6      | Found a sparkling altar of Nemelex Xobeh.
  6451 | D:7      | Found a sand-covered staircase.
  6460 | Ossuary  | Entered an ossuary
  6506 | Ossuary  | Reached skill level 6 in Short Blades
  6506 | Ossuary  | Gained mutation: You regenerate magic rapidly. [demonic ancestry]
  6506 | Ossuary  | Reached XP level 9. HP: 68/68 MP: 13/13
  6560 | Ossuary  | Reached skill level 1 in Dodging
  6619 | Ossuary  | Reached skill level 5 in Stealth
  7106 | Ossuary  | Identified a scroll of acquirement
  7255 | D:7      | Noticed Joseph
  7265 | D:7      | Killed Joseph
  7385 | D:7      | Noticed Duvessa
  7387 | D:7      | Noticed Dowan
  7396 | D:7      | Killed Duvessa
  7404 | D:7      | Killed Dowan
  7542 | D:7      | Reached ***** piety under Lugonu
  7869 | D:8      | Found Syqydghu's Assorted Antiques.
  7869 | D:8      | Found Hicoro's Antique Armour Boutique.
  7873 | D:8      | Found Fiyses's General Store.
  7874 | D:8      | Bought a scroll labeled CEDEDYDWYDD for 22 gold pieces
  7874 | D:8      | Bought a scroll labeled JOLU DENLA for 22 gold pieces
  7883 | D:8      | Bought a shimmering buckler for 237 gold pieces
  7901 | D:8      | Identified the +3 buckler "Myem" {*Contam rPois Slay+2} (You bought it in a shop on level 8 of the Dungeon)
  7910 | D:8      | Found a staircase to the Lair.
  7910 | D:8      | Noticed a fire drake
  7930 | D:8      | Killed a fire drake
  8102 | D:8      | Found a radiant altar of Vehumet.
  8117 | D:8      | Reached XP level 10. HP: 71/77 MP: 12/14
  8119 | D:8      | Noticed Erolcha
  8120 | D:8      | Found an oddly glowing altar of Pakellas.
  8122 | D:8      | Noticed Psyche
  8142 | D:8      | Paralysed by Erolcha for 2 turns
  8144 | D:8      | Banished Psyche
  8366 | D:8      | Killed Erolcha
  8366 | D:8      | Reached skill level 5 in Shields
  8476 | D:8      | Found Itaoney's Gadget Emporium.
  8652 | D:8      | Noticed Gastronok
  8679 | D:8      | Killed Gastronok
  8679 | D:8      | Reached skill level 7 in Fighting
  8679 | D:8      | Reached skill level 5 in Dodging
  8876 | D:8      | Gained mutation: You are agile. (Dex +2) [potion of beneficial mutation]
  8888 | D:8      | Found Pezaxas's Jewellery Emporium.
  9033 | D:9      | Noticed a death knight
  9038 | D:9      | Banished a death knight
  9095 | D:9      | Found a shimmering altar of Xom.
  9097 | D:9      | Found a shattered altar of Ashenzari.
  9097 | D:9      | Found a stormy altar of Qazlal.
  9278 | D:9      | Reached skill level 8 in Fighting
  9625 | D:9      | Gained mutation: When low on magic, you restore magic in place of health. [demonic ancestry]
  9625 | D:9      | Reached XP level 11. HP: 86/86 MP: 15/15
  9754 | D:9      | Reached skill level 5 in Evocations
  9893 | D:9      | Found a glowing golden altar of the Shining One.
 10283 | D:10     | Entered Level 10 of the Dungeon
 10283 | D:10     | Noticed a hill giant
 10489 | D:10     | Banished a hill giant
 10563 | D:10     | Noticed Josephine
 10638 | D:11     | Killed Josephine
 10949 | D:10     | Noticed a deep elf mage
 10962 | D:10     | Killed a deep elf mage
 11069 | Lair:1   | Entered Level 1 of the Lair of Beasts
 11109 | Lair:1   | Reached skill level 9 in Fighting
 11384 | Lair:1   | Noticed Fannar
 11405 | Lair:1   | Killed Fannar
 11845 | Lair:1   | Noticed a five-headed hydra
 11852 | Lair:1   | Banished a five-headed hydra
 12923 | Lair:2   | Gained mutation: Your mind is acute. (Int +2) [potion of beneficial mutation]
 12932 | Lair:2   | Reached XP level 12. HP: 95/95 MP: 18/18
 13056 | Lair:2   | Noticed an eight-headed hydra
 13057 | Lair:2   | Banished an eight-headed hydra
 13080 | Lair:2   | Learned a level 1 spell: Magic Dart
 13083 | Lair:2   | Learned a level 2 spell: Repel Missiles
 13121 | Lair:2   | You fall through a shaft for 2 floors!
 15454 | Lair:4   | Reached skill level 10 in Stealth
 15858 | Lair:5   | Reached ****** piety under Lugonu
 15923 | Lair:5   | Reached skill level 1 in Spellcasting
 15967 | Lair:5   | Got a twisted dagger
 15968 | Lair:5   | Identified the +5 dagger "Mihafibi" {venom, rElec Int-4 SInv} (You found it on level 5 of the Lair of Beasts)
 16288 | Lair:5   | Reached XP level 13. HP: 92/101 MP: 19/19
 16491 | Lair:5   | Reached skill level 10 in Short Blades
 16885 | Lair:5   | Found a staircase to the Shoals.
 18021 | Lair:6   | Reached skill level 5 in Spellcasting
 18629 | Lair:6   | Reached skill level 10 in Fighting
 18804 | Lair:6   | Found a staircase to the Snake Pit.
 19486 | Lair:7   | Found a staircase to the Slime Pits.
 19646 | Lair:7   | Reached skill level 11 in Fighting
 19899 | Lair:8   | Entered Level 8 of the Lair of Beasts
 19984 | Lair:8   | Got a pair of pitted boots
 19990 | Lair:8   | Identified the +1 pair of boots of the Evening {rC+} (You found it on level 8 of the Lair of Beasts)
 20090 | Lair:8   | HP: 4/106 [crocodile (10)]
 20485 | Lair:7   | Upgraded the game from 0.18-a0-1060-g4fac74f to 0.18-a0-1070-gd466a24
 21238 | Lair:7   | Reached skill level 12 in Fighting
 21574 | Lair:7   | Gained mutation: Your flesh is cold resistant. [demonic ancestry]
 21574 | Lair:7   | Reached XP level 14. HP: 94/115 MP: 19/21
 24437 | Lair:8   | Reached skill level 10 in Invocations
 25864 | Lair:8   | Reached skill level 13 in Fighting
 26030 | Lair:8   | Found a runed door.
 26866 | D:11     | Learned a level 3 spell: Dazzling Spray
 27123 | D:11     | Reached skill level 1 in Air Magic
 27753 | D:12     | Reached skill level 1 in Hexes
 27844 | D:12     | Reached skill level 1 in Conjurations
 27963 | D:12     | Reached skill level 1 in Charms
 27963 | D:12     | Gained mutation: You have a pair of large antennae on your head (SInv). [demonic ancestry]
 27963 | D:12     | Reached XP level 15. HP: 101/123 MP: 19/22
 28048 | D:12     | Found a shadowy altar of Dithmenos.
 28243 | D:12     | Upgraded the game from 0.18-a0-1070-gd466a24 to 0.18-a0-1078-gebb93d0
 28915 | D:12     | Found a staircase to the Orcish Mines.
 28930 | Orc:1    | Entered Level 1 of the Orcish Mines
 29000 | Orc:2    | Entered Level 2 of the Orcish Mines
 29657 | Orc:2    | Found a roughly hewn altar of Beogh.
 29856 | Orc:2    | Found Saredwu's Armour Boutique.
 30198 | Orc:2    | Noticed an orc warlord
 30213 | Orc:2    | Banished an orc warlord
 30471 | Orc:2    | Found Jelagame's Antique Armour Shoppe.
 31259 | Orc:2    | Bought a fine leather armour for 161 gold pieces
 31575 | Orc:2    | Found Afour's Book Shoppe.
 31596 | Orc:2    | Bought a book of Burglary for 900 gold pieces
 31606 | Orc:2    | Found a staircase to the Elven Halls.
 31626 | Orc:2    | Identified the +2 leather armour "Naurgh" {rC++ Int+2 Dex+3} (You bought it in a shop on level 2 of the Orcish Mines)
 31668 | Orc:2    | Found Ratoh's Antique Weapon Shoppe.
 31678 | Orc:2    | Learned a level 3 spell: Passwall
 31681 | Orc:2    | Learned a level 2 spell: Swiftness
 31684 | Orc:2    | Learned a level 2 spell: Ensorcelled Hibernation
 31693 | Orc:2    | Found Bemen's General Store.
 31700 | Orc:2    | Bought a scroll of identify for 28 gold pieces
 31967 | Orc:1    | Upgraded the game from 0.18-a0-1078-gebb93d0 to 0.18-a0-1088-g34ef3a2
 32021 | Orc:1    | Mangled by an ettin

Vault maps used:
D:1:      enne_arrival_octagon_isle
D:2:      lemuel_doored_altar, nicolae_overflow_hidden_temple,
          overflow_temple_1_default, minmay_misc_feat_cross, uniq_natasha
D:3:      first_bread, uniq_terence, uniq_robin
D:4:      kennysheep_ying_yang, serial_shops, nicolae_shop_behind_doors,
          led_xom_imps
D:5:      cheibriados_altar_1, minmay_temple_entry_mist
D:6:      old_standard_altar
D:7:      lightli_ossuary_entry_decrepit_ruins, uniq_duvessa, uniq_joseph
D:8:      grunt_temple_overflow_open, minmay_lair_entry_lava, serial_shops,
          nicolae_shop_statue_plus, shop, nicolae_shop_stone, shop,
          kennysheep_mini_moat, uniq_erolcha, uniq_psyche, uniq_gastronok
D:9:      overflow_temple_1_default, gammafunk_temple_overflow_forgotten,
          grunt_livestock, minmay_bad_closet
D:10:     minmay_librarian, uniq_josephine
D:12:     david_orc_4, basic_altar
D:13:     david_vaults_3, lemuel_mausoleum_altar_kikubaaqudgha
Lair:1:   dpeg_stationary_puzzle, uniq_fannar
Lair:3:   bh_autumn_forest_stairs
Lair:5:   minmay_shoals_entry_beasts, zaba_antful_of_joy
Lair:6:   minmay_snake_entry_guardpost_medium, wad_woods_river_01,
          lemuel_fruit_tree
Lair:7:   onia_ninara_swampy_vault, nicolae_slime_entry_slimehenge,
          serial_bayou_shore_b, grunt_megastairs_1
Lair:8:   hangedman_lair_tendril_chambers, wormcave
Orc:1:    minmay_goldmine
Orc:2:    grunt_orc_cross, serial_shops, shop
Ossuary:  ossuary_minmay_scorpions

Action                   |  1- 3 |  4- 6 |  7- 9 | 10-12 | 13-15 || total
-------------------------+-------+-------+-------+-------+-------++-------
Melee: Mace              |   140 |   150 |   409 |   143 |       ||   842
       Dagger            |       |       |    50 |   772 |  2295 ||  3117
Throw: Tomahawk          |       |     2 |     8 |     5 |    31 ||    46
 Cast: Repel Missiles    |       |       |       |       |     2 ||     2
Invok: Depart the Abyss  |     1 |       |       |       |       ||     1
       Banish            |       |       |     2 |    10 |    30 ||    42
       Bend Space        |       |       |       |     3 |     4 ||     7
 Abil: Evoke Berserk Rag |     1 |     1 |       |       |       ||     2
Evoke: Wand              |       |       |     3 |     4 |    16 ||    23
       Phantom mirror    |       |       |       |       |     1 ||     1
  Use: Scroll            |    11 |     2 |    12 |    12 |    19 ||    56
       Potion            |     1 |       |       |     6 |     5 ||    12
 Stab: Sleeping          |     9 |     5 |    15 |    42 |    41 ||   112
       Distracted        |     1 |       |     2 |       |    14 ||    17
       Invisible         |       |     1 |       |       |       ||     1
       Confused          |       |       |       |       |     1 ||     1
  Eat: Chunk             |     5 |     5 |     7 |    14 |    18 ||    49
       Beef jerky        |       |     1 |     1 |     3 |     2 ||     7
       Royal jelly       |       |       |     2 |       |       ||     2
       Pizza             |       |       |     2 |     7 |     2 ||    11
       Fruit             |       |       |       |     1 |    14 ||    15
       Bread ration      |       |       |       |       |     5 ||     5
       Meat ration       |       |       |       |       |     1 ||     1
